 Dungeon Crawl Stone Soup version 0.19.1 (webtiles) character file.

343 Milesaru the Sneak (level 6, -6/47 HPs)
             Began as a Vampire Assassin on Nov 29, 2016.
             Was an Initiate of Dithmenos.
             Mangled by omegacute's ghost (14 damage)
             ... on level 3 of the Dungeon.
             The game lasted 00:09:16 (2169 turns).

Milesaru the Sneak (Vampire Assassin)               Turns: 2169, Time: 00:09:17

Health: -6/47      AC:  0    Str: 10    XL:     6   Next: 31%
Magic:  4/6        EV: 22    Int: 13    God:    Dithmenos [......]
Gold:   144        SH:  0    Dex: 23    Spells: 0 memorised, 5 levels left

rFire  . . .     SeeInvis +     (weapon currently unavailable)
rCold  + + .     Gourm    .     (armour currently unavailable)
rNeg   + + +     Faith    .     (shield currently unavailable)
rPois  ∞         Spirit   .     (helmet currently unavailable)
rElec  .         Reflect  .     (cloak currently unavailable)
rCorr  .         Harm     .     (gloves currently unavailable)
MR     .....                    (boots currently unavailable)
Stlth  ++++++....               (no amulet)
                                (ring currently unavailable)
                                (ring currently unavailable)

@: bat-form, flying, bloodless, non-regenerating, very quick
A: fangs 3, see invisible, (unbreathing)
a: End Transformation, Renounce Religion


You were on level 3 of the Dungeon.
You worshipped Dithmenos.
Dithmenos was noncommittal.
You were bloodless.
You were in vampire-bat-form.
You visited 1 branch of the dungeon, and saw 3 of its levels.

You collected 144 gold pieces.

Inventory:

Hand Weapons
 a - a +2 dagger (melded)
 b - a +0 blowgun
Missiles
 e - 8 poisoned needles
 f - 2 curare-tipped needles
Armour
 c - a +0 robe (melded)
 d - a +0 cloak (melded)
Jewellery
 j - a +3 ring of slaying (melded)
 k - an uncursed ring of protection from cold
 n - an uncursed ring of protection from fire
 q - an uncursed ring of resist corrosion
 w - a ring of stealth (melded)
Wands
 x - a wand of lightning (11/15)
Scrolls
 h - a scroll of magic mapping
 i - 5 scrolls of remove curse
 m - a scroll of identify {unknown}
 o - a scroll of enchant armour {unknown}
 p - a scroll of enchant weapon {unknown}
 r - a scroll of fear {unknown}
 u - a scroll of amnesia {unknown}
 v - a scroll of blinking {unknown}
 y - a scroll of recharging {unknown}
 z - a scroll of noise {unknown}
Potions
 g - 17 potions of blood
 l - 3 potions of might {unknown}
 s - a potion of flight {unknown}
 t - a potion of curing {unknown}


   Skills:
 + Level 3.2 Fighting
 * Level 4.7 Short Blades
 - Level 1.5 Throwing
 + Level 3.4 Dodging
 + Level 7.2 Stealth


You had 5 spell levels left.
You didn't know any spells.

Dungeon Overview and Level Annotations

Branches:
Dungeon (3/15)

Altars:
Dithmenos
Trog

Annotations:
D:3 omegacute's ghost, amateur OgBe


Innate Abilities, Weirdness & Mutations

You do not heal naturally.
You are immune to poison.
You have razor-sharp teeth.
You have supernaturally acute eyesight. (SInv)
((You can survive without breathing.))


Message History

You hit omegacute's ghost. Your bite misses omegacute's ghost.
Omegacute's ghost is moderately damaged.
You hit omegacute's ghost.
Omegacute's ghost is moderately damaged.
Omegacute's ghost whispers, "The ORB doesn't exist."
Omegacute's ghost hits you!
You hit omegacute's ghost.
Omegacute's ghost is heavily damaged.
Omegacute's ghost hits you!
You completely miss omegacute's ghost. You bite omegacute's ghost.
Omegacute's ghost is heavily damaged.
Omegacute's ghost hits you!
* * * LOW HITPOINT WARNING * * *
You fail to use your ability.
Omegacute's ghost misses you.
You turn into a vampire bat.
Your +2 dagger melds into your body.
Your +0 cloak melds into your body.
Your +0 robe melds into your body.
Your +3 ring of slaying melds into your body.
Your ring of stealth melds into your body.
Omegacute's ghost hits you!
You die...

,,,,,,,* #†# ******,*
#.# *,* #.# *,* #>#
*,###* #.# *,,..#* #.#
***,..#* #.# **,*,#.##
#.# ****#.##.##.###b#
*,,,..........W.#
*,**#.##.########***
*,* **,*,**≈≈≈≈,≈≈≈**
**,*****,,,,********≈*
,,,,,,,,,,***≈≈≈,≈**,*
*,**********≈*****≈*≈*
*,* *≈**,∩*≈*≈* ,,*
*≈*≈***≈*≈*


You could see omegacute's ghost.

Vanquished Creatures
  Sigmund (D:2)
  Natasha (thrice) (D:2)
  3 adders
  5 worms
  2 dart slugs (D:2)
  4 leopard geckos
  3 orcs (D:3)
  4 giant cockroaches
  3 goblins (D:2)
  12 hobgoblins
  5 kobolds
  A quokka (D:3)
  A ball python (D:1)
  3 bats
  2 frilled lizards
  5 rats
57 creatures vanquished.

Notes
Turn   | Place    | Note
-------+----------+-------------------------------------------
     0 | D:1      | Milesaru the Vampire Assassin began the quest for the Orb.
     0 | D:1      | Reached XP level 1. HP: 16/16 MP: 1/1
   137 | D:1      | Reached XP level 2. HP: 22/22 MP: 2/2
   386 | D:2      | Reached skill level 6 in Stealth
   513 | D:2      | Noticed Natasha
   522 | D:2      | Reached XP level 3. HP: 19/27 MP: 3/3
   533 | D:2      | Killed Natasha
   631 | D:2      | Noticed Natasha
   647 | D:2      | Killed Natasha
   647 | D:2      | Reached XP level 4. HP: 9/34 MP: 4/4
   752 | D:2      | Noticed Natasha
   803 | D:2      | Killed Natasha
  1118 | D:2      | Reached XP level 5. HP: 36/40 MP: 5/5
  1127 | D:2      | Noticed Sigmund
  1138 | D:2      | Killed Sigmund
  1138 | D:2      | Reached skill level 7 in Stealth
  1138 | D:2      | Reached XP level 6. HP: 47/47 MP: 6/6
  1178 | D:2      | Noticed a moth of wrath
  1181 | D:2      | Found a bloodstained altar of Trog.
  2027 | D:3      | Found a shadowy altar of Dithmenos.
  2031 | D:3      | Became a worshipper of Dithmenos the Shadowed
  2033 | D:3      | Found a bloodstained altar of Trog.
  2151 | D:3      | Noticed omegacute's ghost (amateur OgBe)
  2169 | D:3      | Mangled by omegacute's ghost

Skill      XL: |  1  2  3  4  5 |
---------------+----------------+-----
Fighting       | 2 3 |  3.2
Stealth        | 6 7 |  7.2
Short Blades   | 3 4 |  4.7
Dodging        | 2 3 |  3.4
Throwing       | |  1.5

Action                   |  1- 3 |  4- 6 || total
-------------------------+-------+-------++-------
Melee: Dagger            |    74 |    79 ||   153
       Bite              |     2 |    10 ||    12
 Abil: Bat Form          |       |     1 ||     1
  Use: Scroll            |       |     3 ||     3
 Stab: Sleeping          |     6 |    14 ||    20
       Distracted        |       |     2 ||     2
Armor: Robe              |    13 |     2 ||    15
Dodge: Dodged            |    48 |    27 ||    75
